[Event "Int SVK-ch GM 2020"]
[Site "Drienica"]
[Date "2020.08.13"]
[Round "7.5"]
[White "Kostolansky, Sebastian Lukas"]
[Black "Druska, Juraj"]
[Result "1-0"]
[ECO "C77"]
[WhiteElo "2402"]
[BlackElo "2515"]
[Annotator "ChessBase"]
[PlyCount "91"]
[EventDate "2020.08.07"]
[EventType "tourn"]
[EventCountry "SVK"]
[SourceTitle "playchess.com"]
[Source "ChessBase"]
[SourceQuality "1"]
[TimeControl "40/5400+30:1800+30"]

1. e4 e5 2. Nf3 Nc6 3. Bb5 a6 4. Ba4 Nf6 5. d3 d6 6. c3 g6 7. O-O Bg7 8. Re1 O-O 9. Nbd2 Re8 10. Nf1 h6 11. Ng3 b5 12. Bc2 a5 13. h3 Bb7 14. d4 exd4 15. cxd4 Nb4 16. Bb1 c5 17. Bf4 a4 18. Qc1 g5 19. Bd2 Qd7 20. h4 gxh4 21. Nxh4 Qg4 22. Nhf5 Bxe4 23. Bxe4 Nxe4 24. Rxe4 Rxe4 25. f3 Bxd4+ 26. Kf1 Qg6 27. fxe4 Re8 28. Bxb4 cxb4 29. Qc6 Kf8 30. Nxd6 Rd8 31. Ngf5 Bxb2 32. Qc7 Qf6 33. Rd1 Be5 34. Kg1 b3 35. axb3 a3 36. Qc5 a2 37. Nb7+ Kg8 38. Nxd8 a1=Q 39. Rxa1 Bxa1 40. Nc6 b4 41. Nxb4 Qb2 42. Nxh6+ Kh7 43. Nxf7 Qxb3 44. Ng5+ Kg6 45. Qf5+ Kh6 46. Qe6+ 1-0

[Event "Int SVK-ch GM 2020"]
[Site "Drienica"]
[Date "2020.08.14"]
[Round "8.2"]
[White "Mazur, Stefan"]
[Black "Kostolansky, Sebastian Lukas"]
[Result "1/2-1/2"]
[ECO "C11"]
[WhiteElo "2449"]
[BlackElo "2402"]
[Annotator "ChessBase"]
[PlyCount "62"]
[EventDate "2020.08.07"]
[EventType "tourn"]
[EventCountry "SVK"]
[SourceTitle "playchess.com"]
[Source "ChessBase"]
[SourceQuality "1"]
[TimeControl "40/5400+30:1800+30"]

1. e4 e6 2. d4 d5 3. Nc3 Nf6 4. e5 Nfd7 5. f4 c5 6. Nf3 Nc6 7. Be3 Qb6 8. Na4 Qa5+ 9. c3 cxd4 10. b4 Nxb4 11. cxb4 Bxb4+ 12. Bd2 Bxd2+ 13. Nxd2 b6 14. Qb3 Ba6 15. Bxa6 Qxa6 16. Kf2 O-O 17. Rac1 Rfc8 18. Nf3 Rc4 19. Rxc4 dxc4 20. Qb4 b5 21. Nc5 Nxc5 22. Qxc5 Qxa2+ 23. Kg3 Qc2 24. Qxd4 b4 25. Ra1 h6 26. Qd2 Qg6+ 27. Kh3 Qf5+ 28. Kg3 Qg6+ 29. Kh3 c3 30. Qd4 a5 31. Qc4 Rd8 1/2-1/2

[Event "Int SVK-ch GM 2020"]
[Site "Drienica"]
[Date "2020.08.14"]
[Round "8.3"]
[White "Nayhebaver, Martin"]
[Black "Jurcik, Marian"]
[Result "1/2-1/2"]
[ECO "C02"]
[WhiteElo "2482"]
[BlackElo "2441"]
[Annotator "ChessBase"]
[PlyCount "61"]
[EventDate "2020.08.07"]
[EventType "tourn"]
[EventCountry "SVK"]
[SourceTitle "playchess.com"]
[Source "ChessBase"]
[SourceQuality "1"]
[TimeControl "40/5400+30:1800+30"]

1. e4 e6 2. d4 d5 3. e5 Bd7 4. c3 a6 5. Bd3 Bb5 6. Ne2 Bxd3 7. Qxd3 c5 8. O-O Nc6 9. Nd2 Nge7 10. Nf3 h6 11. dxc5 Ng6 12. Ned4 Ncxe5 13. Nxe5 Nxe5 14. Qg3 Nc6 15. Re1 Qd7 16. b4 g6 17. Bf4 Bg7 18. Nf5 Kf8 19. Bd6+ Kg8 20. Nxg7 Kxg7 21. c4 f6 22. Qh3 dxc4 23. Rad1 Qf7 24. Qc3 e5 25. a4 Rhe8 26. Re4 g5 27. Qxc4 Qxc4 28. Rxc4 Nd4 29. f3 Kf7 30. Kf2 Rad8 31. g4 1/2-1/2

[Event "Int SVK-ch GM 2020"]
[Site "Drienica"]
[Date "2020.08.14"]
[Round "8.4"]
[White "Mrva, Martin"]
[Black "Pechac, Jergus"]
[Result "0-1"]
[ECO "B10"]
[WhiteElo "2386"]
[BlackElo "2498"]
[Annotator "ChessBase"]
[PlyCount "60"]
[EventDate "2020.08.07"]
[EventType "tourn"]
[EventCountry "SVK"]
[SourceTitle "playchess.com"]
[Source "ChessBase"]
[SourceQuality "1"]
[TimeControl "40/5400+30:1800+30"]

1. c4 c6 2. e4 d5 3. exd5 cxd5 4. cxd5 Nf6 5. Nc3 g6 6. Nf3 Bg7 7. Bc4 O-O 8. O-O b6 9. Re1 Bb7 10. d4 Nxd5 11. Bg5 Nxc3 12. bxc3 Qc8 13. Bb3 e6 14. Ne5 Nd7 15. Nxf7 Rxf7 16. Bxe6 Qf8 17. Bxf7+ Qxf7 18. Re7 Qf5 19. h4 Bf8 20. Re3 h6 21. Be7 Re8 22. Qe2 Rxe7 23. Rxe7 Bxe7 24. Qxe7 Qg4 25. Kf1 Qxg2+ 26. Ke1 Qg1+ 27. Ke2 Ba6+ 28. Kf3 Qxa1 29. Qxd7 Qxc3+ 30. Kf4 Qc8 0-1

[Event "Int SVK-ch GM 2020"]
[Site "Drienica"]
[Date "2020.08.15"]
[Round "9.3"]
[White "Jurcik, Marian"]
[Black "Mrva, Martin"]
[Result "1-0"]
[ECO "E76"]
[WhiteElo "2441"]
[BlackElo "2386"]
[Annotator "ChessBase"]
[PlyCount "57"]
[EventDate "2020.08.07"]
[EventType "tourn"]
[EventCountry "SVK"]
[SourceTitle "playchess.com"]
[Source "ChessBase"]
[SourceQuality "1"]
[TimeControl "40/5400+30:1800+30"]

1. d4 Nf6 2. c4 d6 3. Nc3 g6 4. e4 Bg7 5. f4 c5 6. dxc5 Qa5 7. Bd3 Nfd7 8. Nge2 Nxc5 9. O-O Nc6 10. h3 Nxd3 11. Qxd3 Nb4 12. Qg3 Nc2 13. Rb1 Qc5+ 14. Kh1 Qxc4 15. Bd2 Nb4 16. a3 Nc6 17. b3 Qe6 18. f5 Qd7 19. Nd5 Qd8 20. Qh4 f6 21. Nef4 Kf7 22. Bc3 Bd7 23. Qg4 Kg8 24. Rbd1 Rc8 25. Qg3 g5 26. Ne6 Qe8 27. Nxg7 Kxg7 28. Qxg5+ Kf7 29. Nxf6 1-0

[Event "Int SVK-ch GM 2020"]
[Site "Drienica"]
[Date "2020.08.15"]
[Round "9.5"]
[White "Druska, Juraj"]
[Black "Mazur, Stefan"]
[Result "1-0"]
[ECO "E70"]
[WhiteElo "2515"]
[BlackElo "2449"]
[Annotator "ChessBase"]
[PlyCount "29"]
[EventDate "2020.08.07"]
[EventType "tourn"]
[EventCountry "SVK"]
[SourceTitle "playchess.com"]
[Source "ChessBase"]
[SourceQuality "1"]
[TimeControl "40/5400+30:1800+30"]

1. c4 Nf6 2. d4 g6 3. Nc3 Bg7 4. e4 O-O 5. h3 c6 6. Bd3 d6 7. Nf3 e5 8. O-O Na6 9. Be3 exd4 10. Bxd4 Re8 11. Re1 Nc5 12. Bc2 Be6 13. b3 Qa5 14. Qd2 Rad8 15. Bxf6 1-0